 Dungeon Crawl Stone Soup version 0.13.1-2-gfb2c2b7 (webtiles) character file.

739 Lilouch the Firebug (level 7, 0/50 HPs)
             Began as a Hill Orc Fire Elementalist on Dec 3, 2013.
             Slain by a sky beast (2 damage)
             ... on Level 4 of the Dungeon.
             The game lasted 00:22:05 (4495 turns).

Lilouch the Firebug (Hill Orc Fire Elementalist)    Turns: 4495, Time: 00:22:06

HP   0/50        AC  5     Str 11      XL: 7   Next: 21%
MP   1/13        EV 12     Int 17      God:
Gold 219         SH  0     Dex 11      Spells:  3 memorised,  5 levels left

Res.Fire  : . . .   See Invis. : .   o - +0 sling
Res.Cold  : . . .   Warding    : .   a - +0 orc robe
Life Prot.: . . .   Conserve   : .   (no shield)
Res.Poison: .       Res.Corr.  : .   d - +2 elf wizard hat
Res.Elec. : .       Clarity    : .   (no cloak)
Sust.Abil.: . .     Spirit.Shd : .   t - +0 pair of gauntlets
Res.Mut.  : .       Stasis     : .   (no boots)
Res.Rott. : .       Flight     : .   (no amulet)
Saprovore : + . .                    (no ring)
                                     (no ring)

@: slightly resistant to hostile enchantments, unstealthy
A: saprovore 1
a: no special abilities


You were on level 4 of the Dungeon.
You were not hungry.

You visited 1 branch of the dungeon, and saw 5 of its levels.

You collected 199 gold pieces.

Inventory:

Hand weapons
 o - a +0,+0 sling (weapon)
Missiles
 e - 12 bolts of frost
 f - 161 stones (quivered)
 i - 8 poisoned darts
 B - a dart of frost
 H - 16 exploding darts
Armour
 a - a +0 orcish robe (worn)
 d - a +2 elven wizard hat (worn)
 h - a cursed -2 orcish ring mail
 t - a +0 pair of gauntlets (worn)
Magical devices
 D - a wand of fireball (5) {unknown}
Comestibles
 c - 2 meat rations
 l - an apple
 w - 2 chunks of hound flesh
 x - a bread ration
 G - a rambutan
Scrolls
 g - 4 scrolls of identify
 m - a scroll of remove curse
 p - a scroll of random uselessness {unknown}
 u - 2 scrolls of fog
 v - a scroll of teleportation {unknown}
 y - a scroll of magic mapping {unknown}
 A - 3 scrolls of amnesia {unknown}
 E - a scroll of blinking {unknown}
Jewellery
 n - an uncursed ring of teleportation
Potions
 j - 5 potions of heal wounds
 k - a potion of resistance {unknown}
 q - a potion of degeneration {unknown}
 r - 2 potions of curing
 s - 2 potions of restore abilities
 z - a potion of paralysis {unknown}
 C - a potion of poison {unknown}
Books
 b - a book of Flames

   Spells                             Type                      Level
   *Flame Tongue                      Conjuration/Fire             1
   *Throw Flame                       Conjuration/Fire             2
   *Conjure Flame                     Conjuration/Fire             3
   Inner Flame                        Hexes/Fire                   3
   Sticky Flame                       Conjuration/Fire             4
   Fireball                           Conjuration/Fire             5


   Skills:
 - Level 1.5 Dodging
 - Level 1.5 Stealth
 + Level 2.8 Spellcasting
 + Level 3.6 Conjurations
 * Level 6.6 Fire Magic


You had 5 spell levels left.
You knew the following spells:

 Your Spells              Type           Power        Failure   Level  Hunger
a - Flame Tongue          Conj/Fire      ###..        2%          1    #......
b - Throw Flame           Conj/Fire      ###...       3%          2    ##.....
c - Conjure Flame         Conj/Fire      ###.....     10%         3    ###....


Dungeon Overview and Level Annotations

Branches:
Dungeon (5/27)
 Temple: D:4-7

Altars:
Sif Muna
Xom


Innate Abilities, Weirdness & Mutations

You can tolerate rotten meat.


Message History

Reactivating autopickup.
There is a stone staircase leading up here.
Casting: Flame Tongue
Confirm with . or Enter, or press ? or * to list all spells.
Aiming: Flame Tongue
Press: ? - help, Shift-Dir - straight line, f - sky beast
Aim: a sky beast (severely wounded)
The flame hits the sky beast.
The sky beast is almost dead.
The sky beast flickers out of sight!
Deactivating autopickup; reactivate with Ctrl-A.
It hits you.
* * * LOW HITPOINT WARNING * * *
It shocks you!
* * * LOW HITPOINT WARNING * * *
It hits you but does no damage.
You climb upwards.
There is a stone staircase leading down here.
It hits you.
You die...

.#########.#.#.....# #...........
.#?......#.#.#.....# #...##..###.
.#'#####.#.#.#.....# #...##...##.
.....# #.#...#.....# #...'.......
.....# #.#...#####.# #...##..###.
.....# #.#.........# ##'#........
.....###.#.############....)..##.
......#....................[.....
.............)..@>...............
......#.#.......###########.#.##.
......#...........#.......#.#+##'
##########.....####.#####........
....................# #........
...##########.####### #........
...##.......#.######### #........
...##.#####.#.........# #........
............#.........# #........


There were no monsters in sight!

Vanquished Creatures
  A phantom (D:4)
  An ogre (D:4)
  3 hounds
  A worker ant (D:4)
  An orc wizard (D:2)
  An iguana (D:4)
  3 gnolls
  7 adders
  A giant mite (D:2)
  A worm (D:4)
  An ooze (D:1)
  6 orcs
  6 bats
  A bat skeleton (D:4)
  4 giant cockroaches
  7 hobgoblins
  7 jackals (D:4)
  2 quokkas
  4 giant geckos
  2 giant newts
  10 goblins
  14 kobolds
  7 rats
91 creatures vanquished.

Notes
Turn   | Place    | Note
--------------------------------------------------------------
     0 | D:1      | Lilouch, the Hill Orc Fire Elementalist, began the quest for the Orb.
     0 | D:1      | Reached XP level 1. HP: 14/14 MP: 3/3
   294 | D:1      | Reached XP level 2. HP: 14/20 MP: 0/4
   994 | D:1      | Reached skill level 4 in Fire Magic
   994 | D:1      | Reached XP level 3. HP: 19/26 MP: 1/6
  1400 | D:2      | Reached XP level 4. HP: 33/33 MP: 3/7
  2089 | D:2      | Reached skill level 5 in Fire Magic
  2089 | D:2      | Reached XP level 5. HP: 31/38 MP: 3/9
  2468 | D:3      | Found a shimmering altar of Xom.
  2473 | D:3      | Found a deep blue altar of Sif Muna.
  3153 | D:4      | Learned a level 2 spell: Throw Flame
  3157 | D:4      | Learned a level 3 spell: Conjure Flame
  3381 | D:4      | Reached XP level 6. HP: 29/45 MP: 3/11
  3897 | D:4      | Reached skill level 6 in Fire Magic
  4090 | D:4      | Noticed an ogre
  4099 | D:4      | Killed an ogre
  4273 | D:4      | Noticed a phantom
  4283 | D:4      | Killed a phantom
  4283 | D:4      | Reached XP level 7. HP: 50/50 MP: 3/13
  4458 | D:5      | Entered Level 5 of the Dungeon
  4492 | D:5      | HP: 2/50 [something (6)]
  4495 | D:4      | Slain by a sky beast

Action                   |  1- 3 |  4- 6 |  7- 9 || total
-------------------------+-------+-------+-------++-------
Melee: Unarmed           |    25 |     2 |       ||    27
 Fire: Sling             |       |    71 |     2 ||    73
Throw: Dart              |    14 |     2 |       ||    16
 Cast: Flame Tongue      |    49 |   136 |    13 ||   198
       Conjure Flame     |       |     2 |     1 ||     3
  Use: Scroll            |       |     4 |       ||     4
